 Dungeon Sprint DCSS version 0.32-a0-571-gec57dfcd37 (webtiles) character file.

Game seed: 3204657439745098930

1446 rocky1 the Bludgeoner (level 8, -4/121 HPs)
             Began as a Mountain Dwarf Fighter on Mar 1, 2024.
             Was an Initiate of Gozag.
             Slain by a two-headed ogre
             ... wielding a +0 giant club
              (19 damage)
             ... in the Dungeon (Sprint III: "The Ten Rune Challenge").
             The game lasted 00:03:11 (1424 turns).

rocky1 the Bludgeoner (Mountain Dwarf Fighter)      Turns: 1424, Time: 00:03:11

Health: -4/121     AC:  7    Str: 20    XL:     8   Next: 46%
Magic:  8/8        EV:  9    Int:  8    God:    Gozag
Gold:   252        SH:  6    Dex: 13    Spells: 5/7 levels left

rFire   . . .        a - +0 flail
rCold   . . .        c - +0 buckler
rNeg    . . .        b - +0 scale mail
rPois   .            (no helmet)
rElec   .            (no cloak)
rCorr   .            (no gloves)
SInv    .            (no boots)
Will    .....        (no amulet) Stlth
                     (no ring)
HPRegen 0.40/turn    (no ring)
MPRegen 0.11/turn

%: no teleportation, random rage (3%)
@: berserking, gold aura, very quick
A: runic magic, artefact enchanting, agile 1, berserk 1, wild magic 1,
MP-powered wands
a: Renounce Religion, Potion Petition, Call Merchant, Bribe Branch


You were in the Dungeon.
You worshipped Gozag.
Gozag was aware of your devotion.
You visited 1 branch You collected 560 gold pieces.
You paid 308 gold pieces to Gozag.

Inventory:

Hand Weapons
 a - a +0 flail (weapon)
Armour
 b - a +0 scale mail (worn)
 c - a +0 buckler (worn)
Wands
 g - a wand of warping (8)
 i - a wand of digging (5)
Scrolls
 j - a scroll of blinking
 l - 2 scrolls of poison {unknown}
 m - a scroll of immolation {unknown}
 n - 2 scrolls of identify
Potions
 e - 3 potions of curing
 f - a potion of heal wounds
 h - 2 potions of magic


   Skills:
 + Level 10.8 Fighting
 * Level 15.6 Maces & Flails
 - Level 4.9 Armour
 + Level 10.8 Shields


You had 5 spell levels left.
You knew the following spells:

 Your Spells              Type           Power      Damage    Failure   Level
a - Blink                 Tloc           0%         N/A       75%         2

Your spell library contained the following spells:

 Spells                   Type           Power      Damage    Failure   Level
 Kiss of Death            Conj/Necr      0%         2d5       63%         1
 Lesser Beckoning         Tloc           0%         N/A       75%         2
 Momentum Strike          Conj/Tloc      0%         3d8       75%         2
 Confusing Touch          Hex            0%         N/A       92%         3
 Dispel Undead            Necr           0%         3d6       100%        4


Dungeon Overview and Level Annotations

Branches:
Dungeon (1/1)

Altars:
Cheibriados
Dithmenos
Elyvilon
Fedhas
Gozag
Hepliaklqana
Kikubaaqudgha
Makhleb
Nemelex Xobeh
Okawaru
Qazlal
Ru
Sif Muna
Trog
Uskayaw
Vehumet
Wu Jian
Xom
Yredelemnul
Zin
The Shining One
Beogh
Jiyva
Lugonu


Innate Abilities, Weirdness & Mutations

Your spellcasting is much less encumbered by armour.
You can use scrolls of enchantment on lesser artefacts.
You are agile. (Dex +4, Str/Int -1)
You sometimes lose your temper in combat.
Your spells are a little harder to cast, but a little more powerful.
You expend magic power (3 MP) to strengthen your wands.


Message History

The two-headed ogre closely misses you.
You barely miss the two-headed ogre. You hit the two-headed ogre.
The two-headed ogre is lightly wounded.
The two-headed ogre hits you with a +0 giant club!!
The two-headed ogre hits you with a +0 giant club!
A red film seems to cover your vision as you go berserk!
You feel yourself moving faster!
You feel mighty!
You barely miss the two-headed ogre.
The two-headed ogre is lightly wounded.
You sock the two-headed ogre!
The two-headed ogre is moderately wounded.
You barely miss the two-headed ogre.
The two-headed ogre is moderately wounded.
The two-headed ogre hits you with a +0 giant club!
* * * LOW HITPOINT WARNING * * *
The two-headed ogre closely misses you.
You hit the two-headed ogre.
The two-headed ogre is moderately wounded.
You sock the two-headed ogre!
The two-headed ogre is heavily wounded.
You bludgeon the two-headed ogre!!
You kill the two-headed ogre!
You hit the two-headed ogre.
The two-headed ogre is lightly wounded.
You barely miss the two-headed ogre.
The two-headed ogre is lightly wounded.
The two-headed ogre barely misses you.
The two-headed ogre hits you with a +0 giant club!
* * * LOW HITPOINT WARNING * * *
You sock the two-headed ogre!
The two-headed ogre is moderately wounded.
You hit the two-headed ogre.
The two-headed ogre is heavily wounded.
You bludgeon the two-headed ogre!!
You kill the two-headed ogre!
The two-headed ogre closely misses you.
The two-headed ogre hits you with a +0 giant club!!
You die...
Your body crumbles into a pile of gold.

#..###'#'###'##
#..#..........#
...'.⌠........#
...#...######'#
...#.⌠.#__#...# # #
...#...#__#...#
.#.#
...#)###__#...##
#..
...#)..#__#...'##.#
...#___#__'...#.@O#
▓▓▓▓▓▓▓▓▓▓▓▓▓▓▓▓▓▓▓


You could see a two-headed ogre.

Vanquished Creatures
  A deep elf pyromancer (D)
  A shadow (D)
  A spatial vortex (D)
  2 two-headed ogres (D)
  A weeping skull (D)
  A water elemental (D)
  A burial acolyte (D)
  A wight (D)
  A jelly (D)
  Jessica (D)
  A kobold demonologist (D)
  3 humans (D)
  A wolf (D)
  An endoplasm (D)
  2 rats (D)
19 creatures vanquished.

Notes
Turn   | Place    | Note
-------+----------+-------------------------------------------
     0 | D        | rocky1 the Mountain Dwarf Fighter began the quest for the
                  | Orb.
     0 | D        | Reached XP level 1. HP: 19/19 MP: 1/1
    15 | D        | Reached skill level 3 in Maces & Flails
    51 | D        | Noticed Jessica
    67 | D        | Killed Jessica
    68 | D        | Reached skill level 5 in Maces & Flails
    68 | D        | Reached XP level 2. HP: 24/28 MP: 2/2
    69 | D        | Reached XP level 3. HP: 30/34 MP: 3/3
   250 | D        | Reached skill level 6 in Maces & Flails
   305 | D        | Gained mutation: You occasionally shout uncontrollably at
                  | your foes. [potion of mutation]
   305 | D        | Gained mutation: You have a somewhat thin skeletal
                  | structure. (Dex +2, Stealth+) [potion of mutation]
   305 | D        | Gained mutation: You are weak. (Str -2) [potion of
                  | mutation]
   305 | D        | Gained mutation: You are partially covered in iridescent
                  | scales. (AC +2) [potion of mutation]
   306 | D        | Lost mutation: You have a somewhat thin skeletal structure.
                  | (Dex +2, Stealth+) [potion of mutation]
   306 | D        | Lost mutation: You are weak. (Str -2) [potion of mutation]
   306 | D        | Gained mutation: You are frail. (-10% HP) [potion of
                  | mutation]
   306 | D        | Gained mutation: You are somewhat resistant to further
                  | mutation. [potion of mutation]
   306 | D        | Gained mutation: You sometimes lose your temper in combat.
                  | [potion of mutation]
   307 | D        | Lost mutation: You are partially covered in iridescent
                  | scales. (AC +2) [potion of mutation]
   307 | D        | Lost mutation: You are frail. (-10% HP) [potion of
                  | mutation]
   307 | D        | Gained mutation: You are vulnerable to cold. (rC-) [potion
                  | of mutation]
   307 | D        | Gained mutation: You expend magic power (3 MP) to
                  | strengthen your wands. [potion of mutation]
   308 | D        | Lost mutation: You are vulnerable to cold. (rC-) [potion of
                  | mutation]
   308 | D        | Lost mutation: You occasionally shout uncontrollably at
                  | your foes. [potion of mutation]
   308 | D        | Lost mutation: You are somewhat resistant to further
                  | mutation. [potion of mutation]
   308 | D        | Gained mutation: You are agile. (Dex +4, Str/Int -1)
                  | [potion of mutation]
   308 | D        | Gained mutation: Your spells are a little harder to cast,
                  | but a little more powerful. [potion of mutation]
   323 | D        | Noticed a water elemental
   327 | D        | Killed a water elemental
   328 | D        | Reached skill level 5 in Fighting
   328 | D        | Reached skill level 7 in Maces & Flails
   328 | D        | Reached skill level 5 in Shields
   328 | D        | Reached XP level 4. HP: 33/44 MP: 4/4
   403 | D        | Noticed a shadow
   419 | D        | Killed a shadow
   420 | D        | Reached skill level 10 in Maces & Flails
   420 | D        | Reached XP level 5. HP: 39/52 MP: 5/5
   420 | D        | Reached XP level 6. HP: 45/60 MP: 6/6
   433 | D        | Found a blossoming altar of Fedhas.
   433 | D        | Found a stormy altar of Qazlal.
   433 | D        | Found a snail-covered altar of Cheibriados.
   433 | D        | Found a burning altar of Makhleb.
   433 | D        | Found a shimmering altar of Xom.
   433 | D        | Noticed a spatial vortex
   434 | D        | Found a hazy altar of Hepliaklqana.
   434 | D        | Found an opulent altar of Gozag.
   434 | D        | Found a sparkling altar of Nemelex Xobeh.
   434 | D        | Found a corrupted altar of Lugonu.
   434 | D        | Found a viscous altar of Jiyva.
   438 | D        | Became a worshipper of Gozag Ym Sagoz the Greedy
   468 | D        | Killed a spatial vortex
   469 | D        | Reached skill level 12 in Maces & Flails
   759 | D        | Found a basalt altar of Yredelemnul.
   759 | D        | Found a shadowy altar of Dithmenos.
   759 | D        | Found a sacrificial altar of Ru.
   782 | D        | Reached XP level 7. HP: 44/69 MP: 7/7
   875 | D        | Found a radiant altar of Vehumet.
   875 | D        | Found a shimmering blue altar of Sif Muna.
   875 | D        | Found an ancient bone altar of Kikubaaqudgha.
   883 | D        | Reached skill level 13 in Maces & Flails
   898 | D        | Learned a level 2 spell: Blink
   909 | D        | Found a glowing silver altar of Zin.
   909 | D        | Found a glowing golden altar of the Shining One.
   909 | D        | Found a white marble altar of Elyvilon.
   910 | D        | Noticed a deep elf pyromancer
   912 | D        | Noticed a fire elemental
   918 | D        | Killed a deep elf pyromancer
   919 | D        | Reached skill level 10 in Fighting
   919 | D        | Reached skill level 14 in Maces & Flails
   919 | D        | Reached skill level 10 in Shields
   919 | D        | Reached XP level 8. HP: 37/79 MP: 8/8
  1151 | D        | Found a hide-covered altar of Uskayaw.
  1151 | D        | Found a roughly hewn altar of Beogh.
  1151 | D        | Found an iron altar of Okawaru.
  1151 | D        | Found a bloodstained altar of Trog.
  1151 | D        | Found an ornate altar of the Wu Jian Council.
  1180 | D        | Reached skill level 15 in Maces & Flails
  1424 | D        | Slain by a two-headed ogre

Illustrated notes

Levels and vault maps discovered:
D:        dungeon_sprint_mu [sprint_mu_entry_cave, sprint_mu_temple_rooms,
          sprint_mu_d1_spiders, sprint_mu_d2_genie, sprint_mu_d3_branching,
          sprint_mu_orc_legion, sprint_mu_elf_gauntlet, sprint_mu_hive_nellie,
          sprint_mu_lair_fedhas, sprint_mu_vaults_butterflies,
          sprint_mu_slime_circle, sprint_mu_shoals_kraken,
          sprint_mu_snake_twists, sprint_mu_blade_basic,
          sprint_mu_crypt_chambers, sprint_mu_tomb_spiral,
          sprint_mu_vestibule_basic, sprint_mu_gehenna_hellfire,
          sprint_mu_dis_giant, sprint_mu_tartarus_statrot,
          sprint_mu_cocytus_islands, sprint_mu_zot1]

Skill      XL: |  1  2  3  4  5  6  7  8 |
---------------+-------------------------+-----
Maces & Flails | 5 7 10 12 14 15 | 15.6
Fighting       | 4 5 7 8 10 | 10.8
Armour         | 4 |  4.9
Shields        | 4 5 7 8 10 | 10.8

Action                     |  1- 3 |  4- 6 |  7- 9 || total
---------------------------+-------+-------+-------++-------
  Melee: Flail             |    51 |    48 |    47 ||   146
 Invoke: Potion Petition   |       |       |     1 ||     1
    Use: Potion            |     5 |     1 |     2 ||     8
 Armour: Scale mail        |    41 |    17 |    33 ||    91
  Dodge: Dodged            |    16 |    10 |    16 ||    42
  Block: Buckler           |     4 |     5 |     7 ||    16

Table legend: (Time is in decaauts)
 A = Elapsed time spent in this place.
 B = Non-inter-level travel time spent in this place.
 C = Inter-level travel time spent in this place.
 D = Time resting spent in this place.
 E = Time spent auto-exploring this place.
 F = Levels seen in this place.
 G = Mean time per level.
                   A        B        C        D        E       F      G
               +--------+--------+--------+--------+--------+-----+--------+
         Total |   1402 |   1392 |     10 |   1009 |     42 |   1 | 1402.0 |
       Dungeon |   1402 |   1392 |     10 |   1009 |     42 |   1 | 1402.0 |
               +--------+--------+--------+--------+--------+-----+--------+

Top non-repeatable levels by time:
       D: 1402 daAuts
